 Dungeon Crawl Stone Soup version 0.19-a0-916-g8ae7e35 (webtiles) character file.

66 Implojin the Chopper (level 3, -1/31 HPs)
             Began as a Minotaur Fighter on July 5, 2016.
             Slain by an iguana (6 damage)
             ... on level 4 of the Dungeon.
             The game lasted 00:01:23 (309 turns).

Implojin the Chopper (Minotaur Fighter)              Turns: 309, Time: 00:01:24

Health: -1/31      AC:  6    Str: 25    XL:     3   Next: 96%
Magic:  2/2        EV: 12    Int:  5    God:
Gold:   0          SH: 10    Dex: 15    Spells: 0 memorised, 2 levels left

rFire  . . .     SeeInvis .     a - +0 war axe
rCold  . . .     Gourm    .     b - +0 scale mail
rNeg   . . .     Faith    .     c - +0 shield
rPois  .         Spirit   .     (helmet restricted)
rElec  .         Dismiss  .     (no cloak)
rCorr  .         Reflect  .     (no gloves)
SustAt .         Harm     .     (no boots)
MR     .....                    (no amulet)
Stlth  +.........               (no ring)
                                (no ring)

@: mighty, agile, not resistant to hostile enchantments, very unstealthy
A: retaliatory headbutt, horns 2
a: no special abilities


You were on level 4 of the Dungeon.
You were not hungry.

You visited 1 branch of the dungeon, and saw 4 of its levels.

Inventory:

Hand Weapons
 a - a +0 war axe (weapon)
Armour
 b - a +0 scale mail (worn)
 c - a +0 shield (worn)
Scrolls
 i - a scroll of teleportation {unknown}
 k - a scroll of identify {unknown}
Potions
 e - a potion of agility
 g - a potion of berserk rage {unknown}
 j - a potion of mutation {unknown}
Comestibles
 f - a bread ration
 h - 2 meat rations


   Skills:
 - Level 3.6 Fighting
 * Level 5.2 Axes
 - Level 3.6 Armour
 - Level 3.6 Shields


You had 2 spell levels left.
You didn't know any spells.

Dungeon Overview and Level Annotations

Branches:
Dungeon (4/15)
 Temple: D:4-7

Altars:
Zin


Innate Abilities, Weirdness & Mutations

You reflexively headbutt those who attack you in melee.
You have a pair of horns on your head.


Message History

There is a stone staircase leading down here.
You climb downwards.
An iguana and a hound come into view.
The hound barks!
The iguana hisses angrily.
Found 18 sling bullets, a robe and 10 gold pieces.
Found a stone staircase leading down.
There is a stone staircase leading up here.
You completely miss the hound. Your headbutt misses the hound.
You block the hound's attack. The hound bites you.
You closely miss the hound. You block the hound's attack.
The hound closely misses you. You furiously retaliate!
You headbutt the hound, but do no damage.
Unknown command.
You barely miss the hound. Your headbutt misses the hound.
The hound closely misses you. x2; The iguana bites you!
* * * LOW HITPOINT WARNING * * *
You block the hound's attack. The hound bites you.
* * * LOW HITPOINT WARNING * * *
You feel very mighty all of a sudden. The hound bites you.
* * * LOW HITPOINT WARNING * * *
The iguana bites you but does no damage.
Unknown command.
You slash the iguana!
The iguana is heavily wounded.
You closely miss the hound. You block the hound's attack.
The hound bites you but does no damage. The iguana bites you.
* * * LOW HITPOINT WARNING * * *
Unknown command.
You closely miss the iguana. Your headbutt misses the iguana.
The iguana is heavily wounded.
You closely miss the hound. The hound bites you but does no damage.
You block the iguana's attack. The hound closely misses you.
It was a potion of agility.
You feel agile all of a sudden. The hound closely misses you.
You furiously retaliate!
You headbutt the hound!!
You kill the hound!
Your Axes skill increases to level 5!
The iguana bites you.
You die...

...#.....#
... ........#
....
.......##....
#.(.........
#...........
#...........
#...<.#
#...l.#
#...@.#
#...........
######.[....
...... #.....
#.>.. ###.


You could see an iguana.

Vanquished Creatures
  A hound (D:4)
  2 adders
  A shadow imp (D:3)
  A giant cockroach (D:3)
  2 goblins (D:1)
  A hobgoblin (D:3)
  2 kobolds
  A rat (D:1)
11 creatures vanquished.

Notes
Turn   | Place    | Note
-------+----------+-------------------------------------------
     0 | D:1      | Implojin the Minotaur Fighter began the quest for the Orb.
     0 | D:1      | Reached XP level 1. HP: 19/19 MP: 0/0
    41 | D:1      | Reached skill level 3 in Axes
   137 | D:2      | Reached XP level 2. HP: 13/26 MP: 1/1
   247 | D:3      | Reached skill level 4 in Axes
   265 | D:3      | Found a glowing silver altar of Zin.
   281 | D:3      | Reached XP level 3. HP: 19/31 MP: 2/2
   309 | D:4      | Reached skill level 5 in Axes
   309 | D:4      | Slain by an iguana

Vault maps used:
D:1:      dpeg_arrival_arbitrary_a
D:2:      wad_lake_hut, first_bread
D:3:      overflow_temple_1_default
D:4:      grunt_ministairs_10, minmay_misc_feat_alley,
          nemelex_spade_bored_becter, uniq_eustachio

Skill      XL: |  1  2  3 |
---------------+----------+-----
Axes           | 3 4 5 |  5.2
Fighting       | |  3.6
Armour         | |  3.6
Shields        | |  3.6

Action                   || total
-------------------------++-------
Melee: War axe           ||    29
       Headbutt          ||     4
  Use: Potion            ||     2
Armor: Scale mail        ||    15
Dodge: Dodged            ||    11
Block: Shield            ||    20

Table legend:
 A = Turns spent in this place as a percentage of turns spent in the entire game.
 B = Non-inter-level travel turns spent in this place as a percentage of non-inter-level travel turns spent in the entire game.
 C = Inter-level travel turns spent in this place as a percentage of turns spent in this place.
 D = Turns resting spent in this place as a percentage of non-inter-level travel turns spent in this place.
 E = Turns spent auto-exploring this place as a percentage of non-inter-level travel turns spent in this place.
 F = Non-inter-level travel turns spent in this place divided by the number of levels of this place that you've seen.
                   A       B       C       D       E      F
               +-------+-------+-------+-------+-------+----------------------
         Total | 100.0 | 100.0 |   0.0 |   0.0 |   0.0 |  78.0
       Dungeon | 100.0 | 100.0 |   0.0 |   0.0 |   0.0 |  78.0
               +-------+-------+-------+-------+-------+----------------------

Table legend:
 A = Kills in this place as a percentage of kills in entire the game.
 B = Kills by you in this place as a percentage of kills by you in the entire game.
 C = Kills by friends in this place as a percentage of kills by friends in the entire game.
 D = Other kills in this place as a percentage of other kills in the entire game.
 E = Experience gained in this place as a percentage of experience gained in the entire game.
 F = Experience gained in this place divided by the number of levels of this place that you have seen.
                   A       B       C       D       E      F
               +-------+-------+-------+-------+-------+----------------------
         Total | 100.0 | 100.0 |  -nan |  -nan | 100.0 |  23.8
       Dungeon | 100.0 | 100.0 |  -nan |  -nan | 100.0 |  23.8
               +-------+-------+-------+-------+-------+----------------------
